 Dungeon Crawl Stone Soup version 0.29.1-2-gbd0b4ee654 (webtiles) character file.

Game seed: 17396366205436228425

2534 qeuew the Skirmisher (level 9, -5/71 HPs)
             Began as a Gnoll Hunter on Nov 4, 2022.
             Slain by a hornet (9 damage)
             ... on level 7 of the Dungeon.
             The game lasted 00:11:01 (6343 turns).

qeuew the Skirmisher (Gnoll Hunter)                 Turns: 6343, Time: 00:11:01

Health: -5/71      AC:  9    Str: 12    XL:     9   Next: 55%
Magic:  15/15      EV: 12    Int:  8    God:
Gold:   396        SH:  0    Dex: 19    Spells: 15/17 levels left

rFire   . . .      SeeInvis .   e - +2 arbalest (flame)
rCold   + . .      Faith    .   (shield currently unavailable)
rNeg    . . .      Spirit   .   b - +0 scale mail
rPois   .          Reflect  .   (no helmet)
rElec   .          Harm     .   f - +0 cloak
rCorr   .          Rampage  .   k - +0 pair of gloves
Will    .....                   (no boots)
Stlth   ++........              (no amulet)
HPRegen 0.21/turn               u - ring of flight
MPRegen 0.14/turn               m - ring of protection from cold

@: lethally poisoned (-5 -> -13), about to teleport, flying, slowed, very slow
A: fangs 1, strong nose, distributed training
a: no special abilities


You were on level 7 of the Dungeon.
You visited 1 branch of the dungeon, and saw 7 of its levels.

You collected 396 gold pieces.

Inventory:

Hand Weapons
 e - a +2 arbalest of flaming (weapon)
 y - a +4 falchion
Armour
 b - a +0 scale mail (worn)
 f - a +0 cloak (worn)
 k - a +0 pair of gloves (worn)
Jewellery
 m - a ring of protection from cold (right hand)
 r - a ring of wizardry
 u - a ring of flight (left hand)
Wands
 c - a wand of paralysis (22)
 q - a wand of flame (8)
 s - a wand of acid (7)
Scrolls
 a - 3 scrolls of enchant armour
 d - a scroll of blinking
 l - a scroll of silence
 n - a scroll of enchant weapon
 t - a scroll of teleportation
 v - a scroll of amnesia
 w - a scroll of identify
 x - a scroll of magic mapping {unknown}
Potions
 j - 3 potions of magic
 o - a potion of mutation
 p - a potion of might


   Skills:
 + Level 6.5 Fighting
 + Level 4.5 Short Blades
 + Level 4.5 Long Blades
 + Level 4.5 Axes
 + Level 4.5 Maces & Flails
 + Level 4.5 Polearms
 + Level 4.5 Staves
 + Level 9.7 Ranged Weapons
 + Level 4.5 Throwing
 + Level 4.5 Armour
 + Level 6.5 Dodging
 + Level 5.2 Stealth
 + Level 4.5 Shields
 + Level 4.5 Unarmed Combat
 + Level 4.5 Spellcasting
 + Level 3.7 Conjurations
 + Level 3.7 Hexes
 + Level 3.7 Summonings
 + Level 3.7 Necromancy
 + Level 3.7 Translocations
 + Level 3.7 Transmutations
 + Level 3.7 Fire Magic
 + Level 3.7 Ice Magic
 + Level 3.7 Air Magic
 + Level 3.7 Earth Magic
 + Level 3.7 Poison Magic
 + Level 5.0 Invocations
 + Level 4.5 Evocations


You had 15 spell levels left.
You knew the following spells:

 Your Spells              Type           Power      Damage    Failure   Level
a - Call Imp              Summ           7%         N/A       38%         2

Your spell library contained the following spells:

 Spells                   Type           Power      Damage    Failure   Level
 Magic Dart               Conj           28%        1d4       28%         1
 Mephitic Cloud           Conj/Pois/Air  7%         N/A       63%         3


Dungeon Overview and Level Annotations

Branches:
Dungeon (7/15)
 Temple: D:4-7

Altars:


Innate Abilities, Weirdness & Mutations

You have very sharp teeth.
Your uncanny sense of smell can sniff out nearby items.
Your experience applies equally to all skills.


Message History

Your butterfly dies!
Your butterfly disappears in a burst of colours!
The hornet stings your butterfly.
Your butterfly dies!
Your butterfly disappears in a burst of colours!
The orc misses your butterfly.
There is an open door here.
You swap places.
As you read the scroll of butterflies, it crumbles to dust.
You hear the tinkle of a tiny bell.
The hornet barely misses your butterfly.
The hornet stings your butterfly!
Your butterfly dies!
Your butterfly disappears in a burst of colours!
You swap places.
The hornet stings your butterfly.
Your butterfly dies!
Your butterfly disappears in a burst of colours!
Okay, then.
You feel better. The hornet stings you!
* * * LOW HITPOINT WARNING * * *
You feel yourself slow down.
Really attack while wielding your +2 arbalest of flaming?
Okay, then.
The hornet stings you but does no damage.
You swap places.
You feel yourself speed up. The hornet stings your butterfly!
Your butterfly dies!
Your butterfly disappears in a burst of colours!
The hornet stings you!
* * * LOW HITPOINT WARNING * * *
You are lethally poisoned!
You feel yourself slow down.
Okay, then.
As you read the scroll of teleportation, it crumbles to dust.
You feel strangely unstable.
* * * LOW HITPOINT WARNING * * *
You feel very sick. The hornet barely misses you. The hornet stings you!
You die...

#. #.(........# ∆ #.
####..........# ##'###
#..+..........#
#....#####.##(.........#
#.b.b'..##.##..........#
####...b##.##.##..........#
........##o##...#..........
......by.##y#..#.##..#######
....b..b###@#..#.##..#
.).#b..o# #....#.##..#######
#...#..# #.b###......(.))..
..#....###.## #......).)###
#...#...)).# #.........#
#..)..#### #.........###
.....)o..# #####+###....
.........# ##### .....###.#


You could see a hornet (ally target) and an orc.

Vanquished Creatures
  Sigmund (D:2)
  4 water moccasins
  2 ice beasts
  A black bear (D:4)
  A phantom (D:6)
  Blork the orc (D:6)
  A bullfrog (D:6)
  2 necrophages
  2 gnoll sergeants
  A scorpion (D:5)
  A wight (D:7)
  4 killer bees (D:7)
  2 howler monkeys
  4 orc priests
  2 hounds
  A gnoll bouda (D:5)
  Crazy Yiuf (D:2)
  Terence (D:3)
  2 iguanas (D:7)
  4 orc wizards
  8 adders
  16 gnolls
  A shadow imp (D:7)
  2 ufetubi
  2 worms (D:3)
  A dart slug (D:1)
  17 orcs
  3 ball pythons
  9 endoplasms
  10 giant cockroaches
  8 goblins
  10 hobgoblins
  3 jackals (D:1)
  3 quokkas
  6 bats
  7 frilled lizards
  A kobold (D:3)
  4 rats
149 creatures vanquished.

Vanquished Creatures (collateral kills)
  Edmund (D:4)
1 creature vanquished.

Vanquished Creatures (others)
  A plant (D:5)
1 creature vanquished.

Grand Total: 151 creatures vanquished

Notes
Turn   | Place    | Note
-------+----------+-------------------------------------------
     0 | D:1      | qeuew the Gnoll Hunter began the quest for the Orb.
     0 | D:1      | Reached XP level 1. HP: 20/20 MP: 1/1
    93 | D:1      | Reached XP level 2. HP: 26/26 MP: 2/2
   588 | D:1      | Reached XP level 3. HP: 31/31 MP: 3/3
   665 | D:2      | Noticed Sigmund
   668 | D:2      | Killed Sigmund
   669 | D:2      | Reached skill level 1 in Short Blades
   669 | D:2      | Reached skill level 1 in Long Blades
   669 | D:2      | Reached skill level 1 in Axes
   669 | D:2      | Reached skill level 1 in Maces & Flails
   669 | D:2      | Reached skill level 1 in Polearms
   669 | D:2      | Reached skill level 1 in Staves
   669 | D:2      | Reached skill level 1 in Throwing
   669 | D:2      | Reached skill level 1 in Armour
   669 | D:2      | Reached skill level 1 in Shields
   669 | D:2      | Reached skill level 1 in Unarmed Combat
   669 | D:2      | Reached skill level 1 in Spellcasting
   669 | D:2      | Reached skill level 1 in Conjurations
   669 | D:2      | Reached skill level 1 in Hexes
   669 | D:2      | Reached skill level 1 in Summonings
   669 | D:2      | Reached skill level 1 in Necromancy
   669 | D:2      | Reached skill level 1 in Translocations
   669 | D:2      | Reached skill level 1 in Transmutations
   669 | D:2      | Reached skill level 1 in Fire Magic
   669 | D:2      | Reached skill level 1 in Ice Magic
   669 | D:2      | Reached skill level 1 in Air Magic
   669 | D:2      | Reached skill level 1 in Earth Magic
   669 | D:2      | Reached skill level 1 in Poison Magic
   669 | D:2      | Reached skill level 1 in Invocations
   669 | D:2      | Reached skill level 1 in Evocations
   669 | D:2      | Reached XP level 4. HP: 38/38 MP: 3/6
   669 | D:2      | Reached XP level 5. HP: 43/43 MP: 3/7
   735 | D:2      | Found a faded altar of an unknown god.
  1160 | D:2      | Found a runed translucent door.
  1161 | D:2      | Noticed Crazy Yiuf
  1178 | D:2      | Killed Crazy Yiuf
  1179 | D:2      | Reached XP level 6. HP: 10/50 MP: 8/8
  1732 | D:3      | Reached skill level 5 in Fighting
  1732 | D:3      | Reached skill level 5 in Dodging
  1746 | D:3      | Noticed Terence
  1750 | D:3      | Killed Terence
  2617 | D:4      | Noticed Edmund
  2627 | D:4      | Killed Edmund
  2628 | D:4      | Reached XP level 7. HP: 12/56 MP: 10/10
  3497 | D:5      | Entered Level 5 of the Dungeon
  3506 | D:4      | Reached skill level 9 in Ranged Weapons
  3725 | D:5      | Reached XP level 8. HP: 55/63 MP: 9/12
  4878 | D:6      | Noticed Blork the orc
  4882 | D:6      | Killed Blork the orc
  5343 | D:6      | Learned a level 2 spell: Call Imp
  5414 | D:7      | Reached XP level 9. HP: 30/69 MP: 14/14
  6005 | D:7      | Reached skill level 5 in Stealth
  6296 | D:7      | Reached skill level 5 in Invocations
  6318 | D:7      | Noticed a hornet
  6343 | D:7      | Slain by a hornet

Illustrated notes

Levels and vault maps discovered:
D:1:      matt_arrival_diagonals, layout_loops_cross, minmay_ruptured
D:2:      layout_loops_ring, hellmonk_ecumenical_altar_crossroads,
          uniq_crazy_yiuf_cottage, uniq_sigmund
D:3:      minmay_roachtagon, layout_basic, uniq_terence
D:4:      layout_basic, uniq_edmund
D:5:      layout_rooms, hex_medium, serial_bayou_ford_a,
          nicolae_fountain_basement
D:6:      layout_loops_cross, minmay_between, uniq_blork_the_orc
D:7:      layout_basic, minmay_temple_entry_poolview, hex_tiny,
          minmay_starry_boxes

Skill      XL: |  1  2  3  4  5  6  7  8  9 |
---------------+----------------------------+-----
Short Blades   | 1 2 3 4 |  4.5
Long Blades    | 1 2 3 4 |  4.5
Axes           | 1 2 3 4 |  4.5
Maces & Flails | 1 2 3 4 |  4.5
Polearms       | 1 2 3 4 |  4.5
Staves         | 1 2 3 4 |  4.5
Throwing       | 1 2 3 4 |  4.5
Armour         | 1 2 3 4 |  4.5
Shields        | 1 2 3 4 |  4.5
Unarmed Combat | 1 2 3 4 |  4.5
Spellcasting   | 1 2 3 4 |  4.5
Conjurations   | 1 2 3 |  3.7
Hexes          | 1 2 3 |  3.7
Summonings     | 1 2 3 |  3.7
Necromancy     | 1 2 3 |  3.7
Translocations | 1 2 3 |  3.7
Transmutations | 1 2 3 |  3.7
Fire Magic     | 1 2 3 |  3.7
Ice Magic      | 1 2 3 |  3.7
Air Magic      | 1 2 3 |  3.7
Earth Magic    | 1 2 3 |  3.7
Poison Magic   | 1 2 3 |  3.7
Invocations    | 1 2 3 4 5 |  5.0
Evocations     | 1 2 3 4 |  4.5
Stealth        | 3 4 5 |  5.2
Fighting       | 5 6 |  6.5
Dodging        | 5 6 |  6.5
Ranged Weapons | 9 |  9.7

Action                   |  1- 3 |  4- 6 |  7- 9 || total
-------------------------+-------+-------+-------++-------
Melee: Falchion          |       |       |    19 ||    19
       Arbalest          |       |       |     1 ||     1
       Punch             |       |       |     1 ||     1
 Fire: Arbalest          |    39 |   117 |   181 ||   337
       Shortbow          |     2 |       |       ||     2
  Use: Scroll            |     3 |     6 |    11 ||    20
       Potion            |     1 |     2 |     8 ||    11
Armor: Leather armour    |     8 |     4 |       ||    12
       Scale mail        |       |     8 |    94 ||   102
Dodge: Dodged            |    14 |    37 |   124 ||   175
